 Dungeon Crawl Stone Soup version 0.28-a0-265-g048bc9fd10 (webtiles) character file.

Game seed: 16068248059213918543

224 Cheivey the Charlatan (level 6, 0/47 HPs)
             Began as a Gnoll Artificer on Aug 27, 2021.
             Was a Follower of Vehumet.
             Succumbed to a killer bee's poison
             ... on level 4 of the Dungeon.
             The game lasted 00:06:43 (3818 turns).

Cheivey the Charlatan (Gnoll Artificer)             Turns: 3818, Time: 00:06:44

Health: 0/47       AC:  9    Str: 12    XL:     6   Next: 0%
Magic:  8/8        EV: 11    Int: 11    God:    Vehumet [*.....]
Gold:   141        SH:  4    Dex: 13    Spells: 8/8 levels left

rFire   . . .      SeeInvis .   a - +2 mace (protect)
rCold   . . .      Faith    .   i - +0 buckler
rNeg    + . .      Spirit   .   c - +2 ring mail {rN+}
rPois   .          Reflect  .   (no helmet)
rElec   .          Harm     .   g - +0 cloak {Will+}
rCorr   +          Rampage  .   (no gloves)
Will    +....                   (no boots)
Stlth   ++........              (no amulet)
HPRegen 0.15/turn               k - ring of resist corrosion
MPRegen 0.11/turn               (no ring)

@: lethally poisoned (0 -> -7)
A: fangs 1, strong nose, distributed training
a: Renounce Religion


You were on level 4 of the Dungeon.
You worshipped Vehumet.
Vehumet was aware of your devotion.
You visited 1 branch of the dungeon, and saw 4 of its levels.

You collected 141 gold pieces.

Inventory:

Hand Weapons
 a - a +2 mace of protection (weapon)
Armour
 c - a +2 ring mail of positive energy (worn)
 g - a +0 cloak of willpower (worn)
 i - a +0 buckler (worn)
Jewellery
 k - a ring of resist corrosion (left hand)
Wands
 d - a wand of charming (8)
Scrolls
 b - a scroll of identify
 l - a scroll of brand weapon
Miscellaneous
 e - a piece from Xom's chessboard (14/15)


   Skills:
 + Level 3.1 Fighting
 + Level 1.7 Short Blades
 + Level 1.7 Long Blades
 + Level 1.7 Axes
 + Level 1.7 Maces & Flails
 + Level 1.7 Polearms
 + Level 1.7 Staves
 + Level 1.7 Slings
 + Level 1.7 Bows
 + Level 1.7 Crossbows
 + Level 1.7 Throwing
 + Level 4.9 Armour
 + Level 3.1 Dodging
 + Level 2.9 Stealth
 + Level 1.7 Shields
 + Level 1.7 Unarmed Combat
 + Level 1.7 Spellcasting
 + Level 1.3 Conjurations
 + Level 1.3 Hexes
 + Level 1.3 Summonings
 + Level 1.3 Necromancy
 + Level 1.3 Translocations
 + Level 1.3 Transmutations
 + Level 1.3 Fire Magic
 + Level 1.3 Ice Magic
 + Level 1.3 Air Magic
 + Level 1.3 Earth Magic
 + Level 1.3 Poison Magic
 + Level 1.9 Invocations
 + Level 6.7 Evocations


You had 8 spell levels left.
You didn't know any spells.
Your spell library contained the following spells:

 Spells                   Type           Power      Damage    Failure   Level
 Static Discharge         Conj/Air       3%         N/A       58%         2
 Call Canine Familiar     Summ           3%         N/A       82%         3
 Dazzling Flash           Conj/Hex       6%         N/A       82%         3
 Portal Projectile        Hex/Tloc       6%         N/A       82%         3
 Leda's Liquefaction      Hex/Erth       1%         N/A       99%         4
 Borgnjor's Vile Clutch   Necr/Erth      1%         N/A       100%        5
 Metabolic Englaciation   Hex/Ice        1%         N/A       100%        5


Dungeon Overview and Level Annotations

Branches:
Dungeon (4/15)             Temple (0/1) D:4

Altars:
Vehumet

Shops:
D:3 (


Innate Abilities, Weirdness & Mutations

You have very sharp teeth.
Your uncanny sense of smell can sniff out nearby items.
Your experience applies equally to all skills.


Message History

The killer bee stings you.
You are poisoned.
The killer bee poisons you! The killer bee stings you.
You make a move on Xom's chessboard...
The killer bee flickers and vanishes!
Deactivating autopickup; reactivate with Ctrl-A.
You feel sick. You block the killer bee's attack.
The killer bee stings you but does no damage.
Something stings you but does no damage.
The killer bee completely misses you. The killer bee barely misses you.
Something stings you.
Aiming: Charm
Press: ? - help, Shift-Dir - straight line, f - killer bee
Aim: a killer bee (heavily wounded, chance to affect: 73%)
The killer bee is charmed.
You feel sick. The killer bee stings you. Something stings you.
You are more poisoned.
Something poisons you! The killer bee misses you.
Something stings you but does no damage.
You feel very sick.
The killer bee stings you but does no damage. x2
Something stings you but does no damage.
Unknown command.
You feel very sick. The killer bee stings your killer bee!
Your killer bee completely misses the killer bee.
You block the killer bee's attack.
Your killer bee stings the killer bee!
As you read the scroll labelled ULOENK JUCEQOW, it crumbles to dust.
Your body is wracked with pain!
* * * LOW HITPOINT WARNING * * *
Something is bathed in an unholy light!
The killer bee convulses! x3
It was a scroll of torment.
You feel sick.
The killer bee stings you but does no damage.
Something stings you but does no damage.
Your killer bee closely misses the killer bee.
The killer bee stings you but does no damage.
Something stings you!
* * * LOW HITPOINT WARNING * * *
Your killer bee completely misses the killer bee.
You aren't carrying any potions.
You die...

#.....+ #.....
#.... ... ##'####
#y....# #yy...#
#..y..# #.@...#
#.....# #.....#
#... #.....# ##
##...
#.....#...##..#....
#.....#.......#....
#.....#.......#....
#.....#............
#.....#............


You could see 3 killer bees and a friendly killer bee (charmed).

Vanquished Creatures
  2 orc priests (D:4)
  Crazy Yiuf (D:3)
  A centaur skeleton (D:4)
  2 adders (D:2)
  A gnoll (D:4)
  A worm (D:2)
  2 dart slugs
  2 orcs (D:4)
  4 ball pythons
  4 endoplasms
  5 giant cockroaches
  6 goblins
  6 hobgoblins
  6 jackals (D:1)
  3 kobolds
  4 quokkas
  5 bats
  A frilled lizard (D:3)
  5 rats
61 creatures vanquished.

Vanquished Creatures (collateral kills)
  2 gnolls (D:4)
  An orc (D:4)
3 creatures vanquished.

Vanquished Creatures (others)
  A gnoll (D:4)
  A goblin (D:4)
  A fungus (D:3)
3 creatures vanquished.

Grand Total: 67 creatures vanquished

Notes
Turn   | Place    | Note
-------+----------+-------------------------------------------
     0 | D:1      | Cheivey the Gnoll Artificer began the quest for the Orb.
     0 | D:1      | Reached XP level 1. HP: 17/17 MP: 1/1
   304 | D:1      | Reached XP level 2. HP: 23/23 MP: 2/2
   318 | D:1      | Got Ynozoegg's Catalogue of Evil Execration
   802 | D:2      | Reached XP level 3. HP: 28/28 MP: 3/3
  1198 | D:2      | Reached skill level 1 in Invocations
  1515 | D:2      | Reached skill level 1 in Short Blades
  1515 | D:2      | Reached skill level 1 in Long Blades
  1515 | D:2      | Reached skill level 1 in Axes
  1515 | D:2      | Reached skill level 1 in Maces & Flails
  1515 | D:2      | Reached skill level 1 in Polearms
  1515 | D:2      | Reached skill level 1 in Staves
  1515 | D:2      | Reached skill level 1 in Slings
  1515 | D:2      | Reached skill level 1 in Bows
  1515 | D:2      | Reached skill level 1 in Crossbows
  1515 | D:2      | Reached skill level 1 in Throwing
  1515 | D:2      | Reached skill level 1 in Shields
  1515 | D:2      | Reached skill level 1 in Unarmed Combat
  1515 | D:2      | Reached skill level 1 in Spellcasting
  1612 | D:2      | Reached XP level 4. HP: 34/34 MP: 5/5
  1741 | D:2      | Found a faded altar of an unknown god.
  1756 | D:2      | Became a worshipper of Vehumet
  1756 | D:2      | Reached * piety under Vehumet
  1756 | D:2      | Offered knowledge of Shock by Vehumet.
  2598 | D:3      | Found Itici's Weapon Shoppe.
  3112 | D:3      | Found a runed translucent door.
  3119 | D:3      | Noticed Crazy Yiuf
  3131 | D:3      | Killed Crazy Yiuf
  3132 | D:3      | Reached skill level 1 in Conjurations
  3132 | D:3      | Reached skill level 1 in Hexes
  3132 | D:3      | Reached skill level 1 in Summonings
  3132 | D:3      | Reached skill level 1 in Necromancy
  3132 | D:3      | Reached skill level 1 in Translocations
  3132 | D:3      | Reached skill level 1 in Transmutations
  3132 | D:3      | Reached skill level 1 in Fire Magic
  3132 | D:3      | Reached skill level 1 in Ice Magic
  3132 | D:3      | Reached skill level 1 in Air Magic
  3132 | D:3      | Reached skill level 1 in Earth Magic
  3132 | D:3      | Reached skill level 1 in Poison Magic
  3277 | D:4      | Reached XP level 5. HP: 37/40 MP: 5/7
  3513 | D:4      | Found a staircase to the Ecumenical Temple.
  3631 | D:4      | Offered knowledge of Static Discharge by Vehumet.
  3762 | D:4      | Reached XP level 6. HP: 45/47 MP: 8/8
  3817 | D:4      | HP: 2/47 [something (8)]
  3818 | D:4      | Succumbed to a killer bee's poison

Illustrated notes

Levels and vault maps discovered:
D:1:      wander_arrival_chamber, layout_basic, minmay_misc_feat_four_crosses,
          minmay_tromino_v7
D:2:      minmay_wonky_spiral, layout_loops_ring,
          shapermc_ecumenical_altar_notcrosses
D:3:      layout_basic, serial_shops, nicolae_lakefront_shop,
          grunt_ministairs_12, uniq_crazy_yiuf_cottage
D:4:      layout_gridville, minmay_temple_entry_sparse_star

Skill      XL: |  1  2  3  4  5 |
---------------+----------------+-----
Invocations    | 1 |  1.9
Short Blades   | 1 |  1.7
Long Blades    | 1 |  1.7
Axes           | 1 |  1.7
Maces & Flails | 1 |  1.7
Polearms       | 1 |  1.7
Staves         | 1 |  1.7
Slings         | 1 |  1.7
Bows           | 1 |  1.7
Crossbows      | 1 |  1.7
Throwing       | 1 |  1.7
Shields        | 1 |  1.7
Unarmed Combat | 1 |  1.7
Spellcasting   | 1 |  1.7
Conjurations   | 1 |  1.3
Hexes          | 1 |  1.3
Summonings     | 1 |  1.3
Necromancy     | 1 |  1.3
Translocations | 1 |  1.3
Transmutations | 1 |  1.3
Fire Magic     | 1 |  1.3
Ice Magic      | 1 |  1.3
Air Magic      | 1 |  1.3
Earth Magic    | 1 |  1.3
Poison Magic   | 1 |  1.3
Fighting       | 3 |  3.1
Dodging        | 3 |  3.1
Armour         | |  4.9
Stealth        | |  2.9
Evocations     | |  6.7

Action                   |  1- 3 |  4- 6 || total
-------------------------+-------+-------++-------
Melee: Club              |    85 |    79 ||   164
       Bite              |     6 |     8 ||    14
       Punch             |     1 |       ||     1
       Mace              |       |    55 ||    55
Evoke: Wand              |    16 |     6 ||    22
       Piece from Xom's  |       |     3 ||     3
  Use: Scroll            |     3 |     7 ||    10
       Potion            |       |     3 ||     3
 Stab: Sleeping          |     1 |     4 ||     5
Armor: Leather armour    |     9 |    22 ||    31
       Chain mail        |    22 |       ||    22
       Scale mail        |     6 |    37 ||    43
       Skin              |       |     5 ||     5
       Ring mail         |       |    21 ||    21
Dodge: Dodged            |    46 |    93 ||   139
Block: Buckler           |       |    31 ||    31

Table legend: (Time is in decaauts)
 A = Elapsed time spent in this place.
 B = Non-inter-level travel time spent in this place.
 C = Inter-level travel time spent in this place.
 D = Time resting spent in this place.
 E = Time spent auto-exploring this place.
 F = Levels seen in this place.
 G = Mean time per level.
                   A        B        C        D        E       F      G
               +--------+--------+--------+--------+--------+-----+--------+
         Total |   3894 |   3714 |    180 |     65 |   2930 |   4 |  973.5 |
       Dungeon |   3894 |   3714 |    180 |     65 |   2930 |   4 |  973.5 |
               +--------+--------+--------+--------+--------+-----+--------+

Top non-repeatable levels by time:
     D:3: 1366 daAuts
     D:2: 1247 daAuts
     D:1: 704 daAuts
     D:4: 576 daAuts
